 Dungeon Crawl Stone Soup version 0.31-a0-1074-g0b22e4e0f1 (webtiles) character file.

Game seed: 17920021361399312090

6874 Smoke131 the Fighter (level 11, -42/115 HPs)
             Began as an Ogre Gladiator on Dec 4, 2023.
             Was an Elder of Okawaru.
             Killed from afar by an efreet (55 damage)
             ... with a bolt of fire
             ... on level 9 of the Dungeon.
             The game lasted 00:29:09 (11984 turns).

Smoke131 the Fighter (Ogre Gladiator)              Turns: 11984, Time: 00:29:10

Health: -42/115    AC: 13    Str: 24    XL:     11   Next: 6%
Magic:  17/17      EV:  7    Int:  9    God:    Okawaru [****..]
Gold:   589        SH: 10    Dex: 10    Spells: 10/10 levels left

rFire   x . .        w - +2 trident (drain)
rCold   + + +        u - +1 kite shield
rNeg    . . .        g - +0 ice dragon scales
rPois   .            c - +0 hat
rElec   .            G - +2 cloak
rCorr   .            (gloves unavailable)
SInv    +            (boots unavailable)
Will    +....        (no amulet) Stlth
                     j - ring of see invisible
HPRegen 0.39/turn    l - ring of protection from cold
MPRegen 0.15/turn

%: no passive effects
@: no status effects
A: large, unfitting armour, tough skin 1
a: Renounce Religion, Heroism, Finesse


You were on level 9 of the Dungeon.
You worshipped Okawaru.
Okawaru was greatly pleased with you.
You visited 1 branch of the dungeon, and saw 9 of its levels.

You collected 589 gold pieces.

Inventory:

Hand Weapons
 a - a +1 trident
 w - a +2 trident of draining (weapon)
Missiles
 d - 3 throwing nets
 e - 5 large rocks
 f - 8 boomerangs
 x - 4 poisoned darts (quivered)
 F - a curare-tipped dart
Armour
 c - a +0 hat (worn)
 g - +0 ice dragon scales (worn)
 u - a +1 kite shield (worn)
 G - a +2 cloak (worn)
Jewellery
 j - a ring of see invisible (left hand)
 l - a ring of protection from cold (right hand)
 B - a +4 ring of slaying
Wands
 b - a wand of flame (10)
 t - a wand of quicksilver (18)
 C - a wand of paralysis (12)
 H - a wand of polymorph (1)
Scrolls
 i - 2 scrolls of enchant armour
 k - a scroll of fog
 q - 3 scrolls of teleportation
 y - 3 scrolls of enchant weapon
Potions
 h - a potion of enlightenment {unknown}
 m - a potion of haste
 n - a potion of attraction {unknown}
 o - 2 potions of curing
 p - 2 potions of brilliance {unknown}
 r - a potion of mutation {unknown}
 s - a potion of magic {unknown}
 v - a potion of cancellation {unknown}
 z - 2 potions of heal wounds {unknown}
 A - a potion of might {unknown}
 D - a potion of ambrosia


   Skills:
 + Level 9.3 Fighting
 + Level 7.8 Polearms
 + Level 7.8 Throwing
 - Level 3.0 Dodging
 + Level 7.8 Shields
 + Level 8.2 Invocations


You had 10 spell levels left.
You didn't know any spells.
Your spell library contained the following spells:

 Spells                   Type           Power      Damage    Failure   Level
 Magic Dart               Conj           0%         1d3       94%         1
 Gell's Gravitas          Tloc           0%         N/A       100%        3
 Inner Flame              Hex/Fire       0%         N/A       100%        3
 Mephitic Cloud           Conj/Pois/Air  0%         N/A       100%        3
 Teleport Other           Tloc           0%         N/A       100%        3
 Cause Fear               Hex            0%         N/A       100%        4
 Flame Wave               Conj/Fire      0%         2d4       100%        4
 Passage of Golubria      Tloc           0%         N/A       100%        4
 Sticky Flame             Conj/Fire      0%         2d3       100%        4
 Fireball                 Conj/Fire      0%         3d3       100%        5
 Yara's Violent Unravell  Hex/Tmut       0%         3d3       100%        5
 Dispersal                Tloc           0%         N/A       100%        6
 Call Imp                 Summ           Unusable   N/A       N/A         2
 Tukima's Dance           Hex            Unusable   N/A       N/A         3
 Dragon's Call            Summ           Unusable   N/A       N/A         9

Dungeon Overview and Level Annotations

Branches:
Dungeon (9/15)             Temple (0/1) D:5            Lair (0/5) D:8
    Orc (0/2) D:9

Altars:
Elyvilon
Gozag
Makhleb
Nemelex Xobeh
Okawaru
Trog
Uskayaw
Vehumet
Xom
Zin

Shops:
D:6 :

Annotations:
D:3 3 runed translucent doors, horus123's ghost, amateur DgEE
D:8 1 runed translucent door, pigah's ghost, novice OpSh


Innate Abilities, Weirdness & Mutations

You are too large for most types of armour.
You have tough skin. (AC +1)


Message History

You block the vampire mosquito's attack.
The vampire mosquito bites you.
The vampire mosquito draws strength from your injuries!
You block the vampire mosquito's attack. x2
The fire dragon breathes flames at you. The blast of flame hits you!!!
The fire burns you terribly! The vampire mosquito bites you!
The vampire mosquito draws strength from your injuries!
You hear a shout!
As you read the scroll of teleportation, it crumbles to dust.
You feel strangely unstable. The vampire mosquito bites you!
* * * LOW HITPOINT WARNING * * *
The vampire mosquito draws strength from your injuries!
You block the vampire mosquito's attack.
The vampire mosquito bites you!
* * * LOW HITPOINT WARNING * * *
The vampire mosquito draws strength from your injuries!
The vampire mosquito barely misses you.
The orc warrior attacks as it pursues you!
The orc warrior hits you from afar with a +0 glaive.
* * * LOW HITPOINT WARNING * * *
You block the vampire mosquito's attack.
The vampire mosquito attacks as it pursues you!
You block the vampire mosquito's attack.
Your surroundings suddenly seem different.
A centaur warrior and an adder come into view.
Found two stone staircases leading up.
The adder hisses angrily.
The centaur warrior wields a +3 shortbow.
The centaur warrior shoots an arrow.
The arrow hits you!
* * * LOW HITPOINT WARNING * * *
The centaur warrior shoots an arrow.
You block the arrow.
As you read the scroll of fear, it crumbles to dust.
You assume a fearsome visage.
The centaur warrior looks frightened!
The adder looks frightened!
An efreet comes into view.
It is wielding a +3 scimitar of flaming.
There is a stone staircase leading up here.
The efreet gestures at you. The bolt of fire hits you!!!
The fire burns you terribly!
You die...

.#^...##'## .#[<..#...
... .. .#..).#.>.# ..#
.○# .#.)..#...# ..#cR#
.#....##### ..#.#
.........# ...#
.........# ..#
##.......#..#####..#
≈#.......#......@..##
≈#......##.<........#
≈#(.....#............#
#......#.............#
##......#...............
.......♣♣♣♣♣♣♣♣♣♣.......
##'##♣♣♣ ♣♣..... ####
♣♣♣#.


You could see a centaur warrior (fleeing) and an efreet.

Vanquished Creatures
  A two-headed ogre (D:8)
  Maurice (D:9)
  Joseph (D:8)
  Jeremiah (D:6)
  Maggie (D:6)
  A troll (D:8)
  5 yaks
  6 water moccasins
  4 orc warriors
  2 sky beasts
  2 ice beasts
  2 black bears (D:5)
  3 ogres
  A centaur (D:5)
  2 phantoms
  A kobold brigand (D:8)
  3 bullfrogs
  2 scorpions
  6 killer bees (D:7)
  4 howler monkeys
  2 gnoll boudas (D:8)
  3 jellies
  10 orc priests
  5 hounds
  5 iguanas
  Jessica (D:3)
  2 sleepcaps (D:5)
  5 orc wizards
  8 gnolls
  12 adders
  A shadow imp (D:7)
  4 white imps
  2 ufetubi (D:6)
  2 worms
  2 dart slugs
  29 orcs
  4 bats
  5 endoplasms
  A giant cockroach (D:2)
  6 goblins
  10 hobgoblins
  A jackal (D:5)
  13 kobolds
  4 quokkas
  7 ball pythons
  3 frilled lizards
  6 rats
202 creatures vanquished.

Notes
Turn   | Place    | Note
-------+----------+-------------------------------------------
     0 | D:1      | Smoke131 the Ogre Gladiator began the quest for the Orb.
     0 | D:1      | Reached XP level 1. HP: 22/22 MP: 1/1
   121 | D:1      | Reached XP level 2. HP: 26/29 MP: 2/2
   126 | D:1      | Reached skill level 3 in Fighting
  1059 | D:2      | Reached XP level 3. HP: 36/37 MP: 3/3
  1407 | D:2      | Reached XP level 4. HP: 27/48 MP: 4/4
  2078 | D:3      | Reached skill level 4 in Fighting
  2126 | D:3      | Reached XP level 5. HP: 47/54 MP: 5/5
  2303 | D:3      | Reached skill level 1 in Shields
  2365 | D:3      | Noticed Jessica
  2373 | D:3      | Killed Jessica
  2721 | D:3      | Found a runed translucent gate.
  2721 | D:3      | Found a runed translucent gate.
  2724 | D:3      | Found a runed translucent gate.
  2725 | D:3      | Identified the +6 ring mail of Mauwk {rF- Dex+6}
  2726 | D:3      | Noticed horus123's ghost (amateur DgEE)
  3378 | D:4      | Reached skill level 5 in Fighting
  3378 | D:4      | Reached XP level 6. HP: 20/66 MP: 6/6
  4324 | D:4      | Reached XP level 7. HP: 68/72 MP: 7/7
  4405 | D:5      | Entered Level 5 of the Dungeon
  4468 | D:5      | Found a burning altar of Makhleb.
  4470 | D:5      | Found a white marble altar of Elyvilon.
  4470 | D:5      | Found a glowing silver altar of Zin.
  4470 | D:5      | Found a hide-covered altar of Uskayaw.
  4472 | D:5      | Found a sparkling altar of Nemelex Xobeh.
  4472 | D:5      | Found a radiant altar of Vehumet.
  4473 | D:5      | Found an iron altar of Okawaru.
  4506 | D:5      | Became a worshipper of Warmaster Okawaru
  4524 | D:5      | Found a staircase to the Ecumenical Temple.
  4822 | D:5      | Reached skill level 1 in Invocations
  4824 | D:5      | Reached skill level 5 in Polearms
  5036 | D:5      | Reached * piety under Okawaru
  5041 | D:5      | Reached skill level 5 in Throwing
  5041 | D:5      | Reached XP level 8. HP: 13/80 MP: 8/10
  5272 | D:5      | HP: 2/80 [gnoll/+0 halberd (5)]
  5581 | D:5      | Noticed a yak
  5669 | D:5      | Reached skill level 5 in Shields
  5911 | D:5      | Reached skill level 5 in Invocations
  6206 | D:5      | Killed a yak
  6632 | D:5      | Reached ** piety under Okawaru
  6858 | D:6      | Reached XP level 9. HP: 89/89 MP: 13/13
  7169 | D:6      | Reached skill level 6 in Fighting
  7267 | D:6      | Found Ocweaz's Book Emporium.
  7298 | D:6      | Noticed Jeremiah
  8243 | D:6      | Noticed Maggie
  8264 | D:6      | Killed Maggie
  8467 | D:5      | Reached *** piety under Okawaru
  8468 | D:5      | Reached skill level 7 in Fighting
  8822 | D:6      | Killed Jeremiah
  9364 | D:7      | Reached XP level 10. HP: 97/101 MP: 15/15
  9702 | D:7      | Found a shimmering altar of Xom.
  9863 | D:7      | Reached skill level 8 in Fighting
 10547 | D:8      | Found a staircase to the Lair.
 10663 | D:8      | Noticed a two-headed ogre
 10674 | D:8      | Killed a two-headed ogre
 10674 | D:8      | Reached **** piety under Okawaru
 10775 | D:8      | Noticed Joseph
 10782 | D:8      | Killed Joseph
 10910 | D:8      | Found a runed translucent door.
 10912 | D:8      | Found a shimmering altar of Xom.
 10912 | D:8      | Noticed pigah's ghost (novice OpSh)
 10913 | D:8      | Noticed a +0 falchion of chaos
 11372 | D:9      | Noticed Maurice
 11391 | D:9      | Killed Maurice
 11392 | D:9      | Reached skill level 9 in Fighting
 11478 | D:9      | Found a bloodstained altar of Trog.
 11645 | D:9      | Reached XP level 11. HP: 53/115 MP: 17/17
 11700 | D:9      | Found a staircase to the Orcish Mines.
 11911 | D:9      | Found an opulent altar of Gozag.
 11951 | D:9      | Noticed a fire dragon
 11963 | D:9      | Noticed a six-headed hydra
 11981 | D:9      | Noticed a centaur warrior
 11984 | D:9      | Killed from afar by an efreet

Illustrated notes

Levels and vault maps discovered:
D:1:      eino_arrival_druids_welcome, layout_basic, amethyst_killhole
D:2:      layout_rooms, minmay_octomino_c4
D:3:      layout_loops_corners, biasface_ghost_orc_armoury, uniq_jessica
D:4:      layout_basic
D:5:      layout_basic, grunt_temple_overflow_open,
          minmay_temple_entry_antechambers, minmay_misc_feat_tower,
          nzn_random_ring
D:6:      layout_cave_pools, serial_shops, shop_coins, grunt_decor_one_mirror,
          nicolae_nh_ransacked_shop, uniq_jeremiah, uniq_maggie
D:7:      layout_basic, xom_butterflies
D:8:      layout_basic, lair_entry_dummy, ebering_ghost_xom, uniq_joseph
D:9:      minmay_the_grid_octo_tiled_octocenter
          [minmay_the_grid_octo_vomiting_pacman, minmay_the_grid_octo_77,
          minmay_the_grid_octo_empty, minmay_the_grid_octo_empty,
          minmay_the_grid_octo_prize_star, minmay_the_grid_square_5x5_inner_i,
          minmay_the_grid_square_5x5_three_walls,
          minmay_the_grid_square_5x5_longway, minmay_the_grid_square_5x5_seven],
          layout_irregular_city, grunt_gozag_statues, general_overflow_altar,
          mainiacjoe_overflow_brackets, hiddenorc1_lemuel, enter_bailey_2,
          introduction_to_nature_2, uniq_maurice

Skill      XL: |  1  2  3  4  5  6  7  8  9 10 |
---------------+-------------------------------+-----
Fighting       | 3 4 5 7 9 |  9.3
Dodging        | 3 |  3.0
Throwing       | 3 4 5 6 7 |  7.8
Shields        | 2 4 5 6 7 |  7.8
Polearms       | 4 5 6 7 |  7.8
Invocations    | 2 5 6 8 |  8.2

Action                     |  1- 3 |  4- 6 |  7- 9 | 10-12 || total
---------------------------+-------+-------+-------+-------++-------
  Melee: Trident           |    93 |   161 |   369 |   242 ||   865
         Punch             |     1 |       |       |       ||     1
  Throw: Large rock        |       |     1 |     2 |     3 ||     6
         Dart              |       |       |    28 |    24 ||    52
         Boomerang         |       |       |    35 |     8 ||    43
 Invoke: Heroism           |       |       |     1 |       ||     1
  Evoke: Wand              |       |       |     3 |       ||     3
    Use: Scroll            |       |     8 |    10 |     2 ||    20
         Potion            |       |       |     3 |       ||     3
   Stab: Sleeping          |       |     1 |       |       ||     1
 Armour: Robe              |    68 |    92 |   177 |       ||   337
         Ice dragon scales |       |       |    77 |   167 ||   244
  Dodge: Dodged            |    52 |    66 |   126 |    53 ||   297
  Block: Kite shield       |       |    55 |   177 |   155 ||   387

Table legend: (Time is in decaauts)
 A = Elapsed time spent in this place.
 B = Non-inter-level travel time spent in this place.
 C = Inter-level travel time spent in this place.
 D = Time resting spent in this place.
 E = Time spent auto-exploring this place.
 F = Levels seen in this place.
 G = Mean time per level.
                   A        B        C        D        E       F      G
               +--------+--------+--------+--------+--------+-----+--------+
         Total |  12081 |  11799 |    282 |   2265 |   7013 |   9 | 1342.3 |
       Dungeon |  12081 |  11799 |    282 |   2265 |   7013 |   9 | 1342.3 |
               +--------+--------+--------+--------+--------+-----+--------+

Top non-repeatable levels by time:
     D:5: 3543 daAuts
     D:4: 1420 daAuts
     D:6: 1271 daAuts
     D:3: 1251 daAuts
     D:7: 1192 daAuts
     D:8: 1088 daAuts
     D:1: 1048 daAuts
     D:2: 755 daAuts
     D:9: 510 daAuts
